 Dungeon Crawl Stone Soup version 0.30-a0-748-ge6a52f7cba (webtiles) character file.

Game seed: 14334377229544082098

30366 sirJeffrey23 the Protected (level 13, -11/120 HPs)
             Began as an Armataur Fighter on Feb 7, 2023.
             Was a High Priest of the Shining One.
             Killed by an exploding seven-headed hydra simulacrum (26 damage)
             ... ignited by their inner flame
             ... in an ice cave on Feb 8, 2023.
             The game lasted 00:16:44 (11224 turns).

sirJeffrey23 the Protected (Armataur Fighter)      Turns: 11224, Time: 00:16:45

Health: -11/120    AC: 22    Str: 26    XL:     13   Next: 20%
Magic:  18/18      EV:  5    Int:  9    God:    the Shining One [*****.]
Gold:   895        SH: 10    Dex: 10    Spells: 12/12 levels left

rFire   . . .      SeeInvis .    B - +2 scimitar (flame)
rCold   . . .      Faith    .    Q - +0 kite shield
rNeg    + + .      Spirit   .    t - +3 plate armour
rPois   .          Reflect  .    g - +2 hat
rElec   .          Harm     .    m - +2 cloak
rCorr   .          Roll     +    (no gloves)
Will    .....                    (no barding) Stlth
                                 e - amulet of regeneration
HPRegen 1.20/turn                (no ring)
MPRegen 0.16/turn                (no ring)

@: glowing
A: large, rugged brown scales 3, deformed body, armoured tail, roll, long
tongue, awkward tongue
a: Renounce Religion, Divine Shield, Cleansing Flame, Summon Divine Warrior


You were in an ice cave.
You worshipped the Shining One.
The Shining One was extremely pleased with you.
You visited 2 branches of the dungeon, and saw 15 of its levels.
You also visited: Ossuary and Ice Cave.

You collected 1670 gold pieces.
You spent 768 gold pieces at shops.
You donated 7 gold pieces to Zin.

Inventory:

Hand Weapons
 x - a +3 long sword
 B - a +2 scimitar of flaming (weapon)
 P - the +12 glaive of Prune {freeze, Prune}
   (You found it on level 13 of the Dungeon)

   Prune:     It halves damage taken while paralysed, petrified or unconscious.
Armour
 g - a +2 hat (worn)
 m - a +2 cloak (worn)
 t - a +3 plate armour (worn)
 v - the +2 cloak of Pan-Flutes {Harm *Slow +Inv Dex+3}
   (You found it on level 4 of the Dungeon)

   Dex:       It affects your dexterity (+3).
   +Inv:      It lets you turn invisible.
   *Slow:     It may slow you when you take damage.
   Harm:      It increases damage dealt and taken.
 Q - a +0 kite shield (worn)
Jewellery
 e - an amulet of regeneration (around neck)
 r - an amulet of the acrobat
 E - a ring of magical power
 G - a +6 ring of intelligence
 L - a +6 ring of dexterity
 M - a ring of ice
Wands
 f - a wand of light (10)
 s - a wand of iceblast (5)
 C - a wand of digging (6)
 J - a wand of charming (13)
 N - a wand of mindburst (4)
Scrolls
 a - a scroll of noise
 i - 7 scrolls of teleportation
 o - 3 scrolls of enchant weapon
 y - 4 scrolls of blinking
 A - a scroll of fog
 F - 2 scrolls of amnesia
 H - 2 scrolls of butterflies
 I - 6 scrolls of identify
 O - a scroll of fear
Potions
 b - 3 potions of heal wounds
 d - 6 potions of might
 h - 7 potions of brilliance
 j - 3 potions of haste
 k - 3 potions of degeneration
 l - a potion of magic
 n - a potion of flight
 p - 2 potions of cancellation
 u - 5 potions of curing
 w - a potion of attraction
 z - a potion of mutation
Miscellaneous
 c - a phantom mirror
 K - a condenser vane (inert)


   Skills:
 * Level 10.0 Fighting
 + Level 11.2 Long Blades
 * Level 13.9 Armour
 - Level 1.2 Dodging
 * Level 10.2 Shields
 * Level 7.9 Invocations
 - Level 0.2 Evocations


You had 12 spell levels left.
You didn't know any spells.
Your spell library contained the following spells:

 Spells                   Type           Power      Damage    Failure   Level
 Conjure Ball Lightning   Conj/Air       0%         3x3d6     100%        6
 Discord                  Hex            0%         N/A       100%        8
 Disjunction              Tloc           0%         N/A       100%        8


Dungeon Overview and Level Annotations

Branches:
Dungeon (14/15)            Temple (1/1) D:4            Lair (0/5) D:10
    Orc (0/2) D:9         Ossuary (visited)           IceCv (1/1)
 Vaults: D:13-14

Altars:
Ashenzari
Cheibriados
Dithmenos
Elyvilon
Fedhas
Gozag
Hepliaklqana
Kikubaaqudgha
Makhleb
Nemelex Xobeh
Okawaru
Qazlal
Ru
Sif Muna
Trog
Uskayaw
Vehumet
Wu Jian
Xom
Yredelemnul
Zin
The Shining One

Shops:
D:1 =   D:3 !*   D:7 (


Innate Abilities, Weirdness & Mutations

You are completely covered in rugged brown scales. (AC +3, +7% HP)
Armour fits poorly on your strangely shaped body.
You have a long armoured tail.
You roll when moving toward enemies. (Rampage)
Your long tongue fully drains potion bottles. (2x potion effects)
Your tongue gives you trouble enunciating. (1.5x scroll delay)


Message History

The white very ugly thing is engulfed in blazing flames.
Flame seeps out of the white very ugly thing.
The white very ugly thing trunk-slaps you.
The white very ugly thing freezes you!!
* * * LOW HITPOINT WARNING * * *
You slash the white very ugly thing!
Flame seeps out of the white very ugly thing.
You burn the white very ugly thing.
Flame seeps out of the white very ugly thing.
The white very ugly thing is almost dead.
The white very ugly thing is engulfed in blazing flames.
The white very ugly thing explodes!
The fiery explosion engulfs the seven-headed hydra simulacrum!!!
The seven-headed hydra simulacrum melts!
The Shining One accepts your kill.
You feel better.
The fiery explosion engulfs the anaconda simulacrum!!!
The anaconda simulacrum melts!
The Shining One accepts your kill.
You feel better. The fiery explosion engulfs you!
The fiery explosion engulfs the dire elephant simulacrum!!
The dire elephant simulacrum melts!
Flame seeps out of the dire elephant simulacrum.
The dire elephant simulacrum is severely damaged.
The anaconda simulacrum explodes!
The fiery explosion engulfs the dire elephant simulacrum!!!
The dire elephant simulacrum melts!
The Shining One accepts your kill.
You feel better.
The fiery explosion engulfs the ettin simulacrum but does no damage.
The dire elephant simulacrum explodes!
The fiery explosion engulfs the ettin simulacrum!!!
The ettin simulacrum melts!
The ettin simulacrum vaporises!
The Shining One accepts your kill. The fiery explosion engulfs you!!!
* * * LOW HITPOINT WARNING * * *
The seven-headed hydra simulacrum explodes!
The fiery explosion engulfs you!!
You die...

#)$...$$#
#$.....|#
#(.....?#
#.......#
#.......#
##§§§§.##
##§§§##
##°##
##§@§##
##.....##
#...∩...#
#.......#
#.......#
#...∩...#
#.......#
#########


There were no monsters in sight!

Vanquished Creatures
  A very ugly thing (IceCv)
  An entropy weaver (shapeshifter) (D:13)
  3 hydras (D:13)
  A rakshasa (D:13)
  An ice dragon (D:14)
  2 caustic shrike simulacra (IceCv)
  3 centaur warriors
  3 boulder beetles
  Erica (D:8)
  A catoblepas (D:11)
  4 two-headed ogres
  A tengu warrior (D:13)
  A harpy (D:13)
  A deep elf pyromancer (D:13)
  A cyclops (shapeshifter) (D:13)
  2 manticores
  Joseph (D:8)
  6 cyclopes
  A gargoyle (D:12)
  2 anaconda simulacra (IceCv)
  A kobold demonologist (D:11)
  A komodo dragon (D:12)
  2 unseen horrors
  8 trolls
  Prince Ribbit (D:9)
  2 hornets
  A dire elephant simulacrum (IceCv)
  3 wyverns
  A shadow (D:12)
  A wraith (D:13)
  10 yaks
  Eustachio (D:6)
  12 vampire mosquitoes
  4 steam dragons
  3 harpy simulacra (IceCv)
  3 wargs (D:10)
  2 hydra simulacra (IceCv)
  3 acid dragons
  6 orc warriors
  2 alligator simulacra (IceCv)
  2 ettin simulacra (IceCv)
  A sky beast (D:6)
  A boggart (D:13)
  An ogre (D:5)
  3 centaurs
  3 kobold brigands
  2 bullfrogs
  A necrophage (D:4)
  3 scorpions
  16 wights
  6 killer bees (D:9)
  An electric eel (D:6)
  A howler monkey (D:6)
  2 jellies
  3 hounds
  8 orc priests
  10 orc wizards
  3 iguanas
  A mummy (Ossuary)
  4 gnolls (D:7)
  6 adders
  2 shadow imps
  4 white imps
  2 ufetubi
  A worm (D:4)
  2 dart slugs
  47 orcs
  A spectral bat (Ossuary)
  A ball python (D:4)
  3 endoplasms
  A giant cockroach (D:1)
  4 hobgoblins
  6 jackals
  2 quokkas
  A bat (D:2)
  A bat simulacrum (Ossuary)
  4 frilled lizards
  12 gnoll zombies (Ossuary)
  10 goblins
  2 goblin simulacra (Ossuary)
  4 goblin zombies (Ossuary)
  3 hobgoblin zombies (Ossuary)
  24 kobolds
  2 kobold simulacra (Ossuary)
  9 kobold zombies (Ossuary)
  2 orc zombies (Ossuary)
  9 rats
  5 rat simulacra (Ossuary)
  4 spectral goblins (Ossuary)
  4 spectral kobolds (Ossuary)
  5 spectral rats (Ossuary)
359 creatures vanquished.

Vanquished Creatures (others)
  An orc wizard (D:5)
  An orc (D:5)
  2 plants (D:10)
4 creatures vanquished.

Grand Total: 363 creatures vanquished

Notes
Turn   | Place    | Note
-------+----------+-------------------------------------------
     0 | D:1      | sirJeffrey23 the Armataur Fighter began the quest for the
                  | Orb.
     0 | D:1      | Reached XP level 1. HP: 19/19 MP: 1/1
   162 | D:1      | Identified a scroll of acquirement
   162 | D:1      | Acquired 744 gold pieces
   314 | D:1      | Found Xegienee's Jewellery Boutique.
   322 | D:1      | Bought an amulet of regeneration for 420 gold pieces
   373 | D:1      | Reached XP level 2. HP: 26/26 MP: 2/2
   604 | D:1      | Reached skill level 4 in Armour
   967 | D:2      | Reached XP level 3. HP: 33/33 MP: 3/3
  1246 | D:3      | Found Cuaroawk's General Store.
  1294 | D:3      | Bought a +2 cloak for 198 gold pieces
  1294 | D:3      | Bought a potion of berserk rage for 60 gold pieces
  1294 | D:3      | Bought a scroll of enchant weapon for 90 gold pieces
  1314 | D:3      | Found Toatezav's Distillery.
  1325 | D:3      | Reached XP level 4. HP: 33/40 MP: 4/4
  1551 | D:3      | You fall into a shaft and drop 3 floors!
  1569 | D:5      | Entered Level 5 of the Dungeon
  1569 | D:5      | Noticed a scorpion
  1598 | D:5      | Killed a scorpion
  1599 | D:5      | Reached XP level 5. HP: 48/48 MP: 5/5
  1604 | D:5      | Noticed a steam dragon
  1607 | D:5      | Reached skill level 5 in Armour
  1622 | D:5      | HP: 3/73 [steam dragon (4)]
  1624 | D:5      | Killed a steam dragon
  1625 | D:5      | Reached skill level 1 in Dodging
  1625 | D:5      | Reached XP level 6. HP: 7/55 MP: 6/6
  1800 | D:5      | Found a sand-covered staircase.
  1807 | Ossuary  | Entered an ossuary
  2218 | D:5      | Reached XP level 7. HP: 63/63 MP: 7/7
  2376 | D:4      | Identified the +2 cloak of Pan-Flutes {Harm *Slow +Inv
                  | Dex+3}
  2494 | D:4      | Found a burning altar of Makhleb.
  2564 | D:4      | Found a staircase to the Ecumenical Temple.
  2610 | Temple   | Entered the Ecumenical Temple
  2748 | Temple   | Became a worshipper of Zin the Law-Giver
  2901 | D:4      | Found a glowing golden altar of the Shining One.
  2909 | D:4      | Fell from the grace of Zin
  2909 | D:4      | Became a worshipper of the Shining One
  3101 | D:5      | Reached skill level 6 in Armour
  3395 | D:6      | Found a broken altar of Ashenzari.
  3425 | D:6      | Reached skill level 5 in Shields
  3617 | D:6      | Reached skill level 1 in Invocations
  3750 | D:6      | Reached XP level 8. HP: 42/71 MP: 7/9
  3759 | D:6      | Reached skill level 5 in Long Blades
  3837 | D:6      | Found a bloodstained altar of Trog.
  3837 | D:6      | Found a white marble altar of Elyvilon.
  3893 | D:6      | Reached skill level 7 in Armour
  3933 | D:6      | Reached skill level 5 in Fighting
  3936 | D:6      | Noticed Eustachio
  3947 | D:6      | Killed Eustachio
  3997 | D:6      | Reached * piety under the Shining One
  4259 | D:7      | Upgraded the game from 0.30-a0-743-gbfdf073431 to
                  | 0.30-a0-748-ge6a52f7cba
  4461 | D:7      | Reached XP level 9. HP: 23/79 MP: 11/11
  4520 | D:7      | Reached skill level 8 in Armour
  4604 | D:7      | Found an ancient bone altar of Kikubaaqudgha.
  4691 | D:7      | Found Seiram's Antique Weapon Boutique.
  5042 | D:8      | Noticed Erica
  5063 | D:8      | Killed Erica
  5143 | D:8      | Noticed Joseph
  5159 | D:8      | Killed Joseph
  5160 | D:8      | Reached skill level 9 in Armour
  5160 | D:8      | Reached XP level 10. HP: 79/89 MP: 10/13
  5168 | D:8      | Reached ** piety under the Shining One
  5243 | D:8      | Noticed a two-headed ogre
  5252 | D:8      | HP: 1/89 [two-headed ogre/+0 giant spiked club (23)]
  5253 | D:8      | Killed a two-headed ogre
  5636 | D:9      | Found a staircase to the Orcish Mines.
  5866 | D:9      | Reached skill level 5 in Invocations
  5958 | D:9      | Reached skill level 10 in Armour
  5974 | D:9      | Noticed Prince Ribbit
  5980 | D:9      | Killed Prince Ribbit
  6043 | D:9      | Found an iron altar of Okawaru.
  6070 | D:9      | Reached *** piety under the Shining One
  6176 | D:9      | Found a blossoming altar of Fedhas.
  6344 | D:9      | Found a stormy altar of Qazlal.
  6497 | D:10     | Entered Level 10 of the Dungeon
  6689 | D:10     | Reached XP level 11. HP: 80/98 MP: 15/15
  6759 | D:10     | Found a staircase to the Lair.
  6961 | D:10     | Noticed a two-headed ogre
  6970 | D:10     | Killed a two-headed ogre
  7559 | D:11     | Noticed a two-headed ogre
  7559 | D:11     | Reached **** piety under the Shining One
  7567 | D:11     | Noticed a soul eater
  7582 | D:11     | Reached skill level 11 in Armour
  7828 | D:11     | Noticed a boulder beetle
  7850 | D:11     | Killed a boulder beetle
  7948 | D:11     | Noticed a catoblepas
  7972 | D:11     | Killed a catoblepas
  8231 | D:11     | Killed a two-headed ogre
  8473 | D:12     | Noticed a boulder beetle
  8500 | D:12     | Killed a boulder beetle
  8501 | D:12     | Reached skill level 12 in Armour
  8501 | D:12     | Reached XP level 12. HP: 56/110 MP: 16/16
  8585 | D:12     | Reached skill level 10 in Long Blades
  8779 | D:12     | Noticed a two-headed ogre
  8790 | D:12     | Killed a two-headed ogre
  9304 | D:13     | Noticed a boulder beetle
  9358 | D:13     | Killed a boulder beetle
  9623 | D:13     | Noticed a centaur warrior
  9633 | D:13     | Killed a centaur warrior
  9709 | D:13     | Noticed a five-headed hydra
  9709 | D:13     | Noticed a seven-headed hydra
  9724 | D:13     | Killed a two-headed hydra
  9728 | D:13     | Killed a one-headed hydra
 10053 | D:13     | Found the +12 glaive of Prune {freeze, Prune}
 10462 | D:13     | Noticed a six-headed hydra
 10462 | D:13     | Noticed a rakshasa
 10468 | D:13     | Killed a one-headed hydra
 10469 | D:13     | Reached skill level 13 in Armour
 10494 | D:13     | Killed a rakshasa
 10580 | D:13     | Noticed a centaur warrior
 10587 | D:13     | Killed a centaur warrior
 10588 | D:13     | Noticed a tengu warrior
 10607 | D:13     | Killed a tengu warrior
 10609 | D:13     | a jumping spider changed into an entropy weaver
 10609 | D:13     | Noticed an entropy weaver (shapeshifter)
 10619 | D:13     | Killed an entropy weaver
 10919 | D:14     | Noticed a centaur warrior
 10925 | D:14     | Killed a centaur warrior
 10926 | D:14     | Reached XP level 13. HP: 105/120 MP: 18/18
 11065 | D:14     | Reached skill level 10 in Shields
 11070 | D:14     | Found a frozen archway.
 11173 | IceCv    | Entered an ice cave
 11173 | IceCv    | Reached ***** piety under the Shining One
 11178 | IceCv    | Reached skill level 10 in Fighting
 11205 | IceCv    | Noticed a white very ugly thing
 11224 | IceCv    | Killed a white very ugly thing
 11224 | IceCv    | Killed by an exploding seven-headed hydra simulacrum...
                  | ignited by their inner flame

Illustrated notes

Levels and vault maps discovered:
D:1:      ebering_trefoil_twist, layout_basic, serial_shops,
          nicolae_shop_crystal, chequers_mini_garden
D:2:      layout_rooms
D:3:      minmay_general_purpose_star, layout_basic,
          chequers_ecumenical_altar_island, serial_shops, shop, shop, shop,
          ebering_ghost_disaster_area
D:4:      layout_rooms, mainiacjoe_overflow_catwalk,
          nicolae_tso_swordbearing_angel, minmay_temple_entry_slanted
D:5:      corexii_shack_village, layout_basic, chequers_ossuary_entry_cave,
          minmay_splitting_lines
D:6:      layout_basic, nicolae_ashenzari_skybound,
          nicolae_overflow_two_pavilions, reono_crystal_passage, uniq_eustachio
D:7:      layout_rooms, mainiacjoe_overflow_24_doors, serial_shops,
          nicolae_shop_temple_entry_statues_fountains
D:8:      layout_basic, uniq_joseph, uniq_erica
D:9:      layout_cave_pools, fedhas_altar_2, nicolae_qazlal_general_emergency,
          orc_0_dummy, david_defended_altar_orc, uniq_prince_ribbit1
D:10:     layout_loops_ring, erik_lair_orcish_takeover
D:11:     layout_stronghold
D:12:     layout_gridville
D:13:     layout_stronghold, minmay_fractal_squares_gapless_7
D:14:     layout_stronghold, david_vaults_4, portal_ice_cave_entry_dragon
Temple:   nicolae_temple_great_sept
IceCv:    ice_cave_statue_garden_chambered

Skill      XL: |  1  2  3  4  5  6  7  8  9 10 11 12 13 |
---------------+----------------------------------------+-----
Fighting       | 3 4 5 6 7 8 9 10 | 10.0
Long Blades    | 2 3 4 6 7 8 9 11 | 11.2
Armour         | 4 5 6 7 9 10 12 13 | 13.9
Shields        | 4 5 6 7 8 9 10 | 10.2
Dodging        | 1 |  1.2
Invocations    | 1 2 4 5 6 7 |  7.9
Evocations     | |  0.2

Action                     |  1- 3 |  4- 6 |  7- 9 | 10-12 | 13-15 || total
---------------------------+-------+-------+-------+-------+-------++-------
  Melee: Long sword        |   114 |   253 |   372 |       |       ||   739
         Tailslap          |     9 |    32 |    69 |   150 |    28 ||   288
         Scimitar          |       |       |    11 |   630 |    81 ||   722
 Invoke: Divine Shield     |       |       |     1 |       |       ||     1
  Evoke: Wand              |       |       |     2 |     7 |     1 ||    10
         Condenser vane    |       |       |       |     1 |     1 ||     2
    Use: Scroll            |     5 |     5 |    12 |     7 |     2 ||    31
         Potion            |       |     3 |       |     1 |       ||     4
 Armour: Scale mail        |    94 |   146 |    25 |       |       ||   265
         Skin              |       |    61 |       |       |       ||    61
         Plate armour      |       |       |   258 |   488 |    35 ||   781
  Dodge: Dodged            |    42 |    80 |   116 |   159 |    12 ||   409
  Block: Buckler           |    34 |    64 |   116 |   194 |       ||   408
         Kite shield       |       |       |       |     3 |    40 ||    43

Table legend: (Time is in decaauts)
 A = Elapsed time spent in this place.
 B = Non-inter-level travel time spent in this place.
 C = Inter-level travel time spent in this place.
 D = Time resting spent in this place.
 E = Time spent auto-exploring this place.
 F = Levels seen in this place.
 G = Mean time per level.
                   A        B        C        D        E       F      G
               +--------+--------+--------+--------+--------+-----+--------+
         Total |  11384 |  11026 |    358 |    249 |   7498 |  17 |  669.6 |
       Dungeon |  10745 |  10387 |    358 |    249 |   7263 |  14 |  767.5 |
        Temple |    149 |    149 |      0 |      0 |     58 |   1 |  149.0 |
       Ossuary |    437 |    437 |      0 |      0 |    163 |   1 |  437.0 |
      Ice Cave |     50 |     50 |      0 |      0 |     14 |   1 |   50.0 |
               +--------+--------+--------+--------+--------+-----+--------+

Top non-repeatable levels by time:
    D:13: 1639 daAuts
    D:11: 1004 daAuts
    D:12: 996 daAuts
     D:8: 983 daAuts
     D:6: 874 daAuts
     D:1: 856 daAuts
    D:10: 734 daAuts
     D:5: 692 daAuts
     D:9: 679 daAuts
     D:7: 648 daAuts
     D:4: 624 daAuts
 Ossuary: 437 daAuts
     D:2: 407 daAuts
     D:3: 338 daAuts
    D:14: 266 daAuts
